 Dungeon Crawl Stone Soup version 0.20.0-8-g6b59dc7 (webtiles) character file.

1049 MDvedh the Basher (level 8, -5/65 (66) HPs)
             Began as a Minotaur Summoner on June 1, 2017.
             Slain by an orc warrior
             ... wielding a +0 trident
              (8 damage)
             ... on level 6 of the Dungeon.
             The game lasted 00:13:57 (7408 turns).

MDvedh the Basher (Minotaur Summoner)               Turns: 7408, Time: 00:13:58

HP:   -5/65 (66)    AC: 14    Str: 14    XL:     8   Next: 5%
MP:   9/9           EV:  4    Int: 12    God:
Gold: 194           SH:  8    Dex: 12    Spells: 8/9 levels left

rFire    + . .     SeeInvis +   a - +0 flail
rCold    . . .     Gourm    .   d - +0 shield
rNeg     . . .     Faith    .   h - +2 chain mail {rF+}
rPois    .         Spirit   .   (helmet restricted)
rElec    .         Reflect  .   w - +1 cloak
rCorr    .         Harm     .   (no gloves)
MR       +....                  o - +0 pair of boots
Stlth    ..........             (no amulet)
Regen    0.2/turn               j - ring of protection from magic
MPRegen  0.2/turn               v - ring of see invisible

@: no status effects
A: retaliatory headbutt, horns 2
a: no special abilities


You were on level 6 of the Dungeon.
You were not hungry.

You visited 1 branch of the dungeon, and saw 6 of its levels.
You also visited: Sewer.

You collected 194 gold pieces.

Inventory:

Hand Weapons
 a - a +0 flail (weapon)
 e - a +0 short sword
 l - a +0 war axe
Armour
 d - a +0 shield (worn)
 h - a +2 chain mail of fire resistance (worn)
 o - a +0 pair of boots (worn)
 w - a +1 cloak (worn)
Jewellery
 j - a ring of protection from magic (left hand)
 v - a ring of see invisible (right hand)
 A - an uncursed ring of flight
Wands
 g - a wand of confusion (21/48)
 s - a wand of polymorph (1/24)
Scrolls
 m - 3 scrolls of teleportation
 n - a scroll of blinking {unknown}
 q - a scroll of recharging {unknown}
 r - a scroll of noise {unknown}
 t - a scroll of fear
 u - a scroll of identify
 x - a scroll of remove curse {unknown}
Potions
 c - 3 potions of brilliance
 k - 2 potions of resistance
 p - 4 potions of flight
 z - a potion of curing
Books
 b - a book of Callings

   Spells                             Type                      Level
   a - Summon Small Mammal            Summoning                    1
   b - Call Imp                       Summoning                    2
   c - Call Canine Familiar           Summoning                    3
   d - Summon Guardian Golem          Hexes/Summoning              3
   e - Summon Lightning Spire         Summoning/Air                4
   f - Summon Ice Beast               Ice/Summoning                4
Comestibles
 f - 3 meat rations
 i - 4 bread rations
 B - 3 fruits


   Skills:
 - Level 3.8 Fighting
 + Level 8.8 Maces & Flails
 - Level 3.5 Armour
 - Level 2.1 Dodging
 - Level 1.5 Stealth
 - Level 3.5 Shields
 - Level 1.3 Spellcasting
 - Level 2.9 Summonings


You had 8 spell levels left.
You knew the following spells:

 Your Spells              Type           Power        Failure   Level  Hunger
a - Summon Small Mammal   Summ           #...         100%        1    ##.....


Dungeon Overview and Level Annotations

Branches:
Dungeon (6/15)             Temple (0/1) D:4

Altars:
Ashenzari
Fedhas
Nemelex Xobeh
Ru
Sif Muna
Xom
Zin

Annotations:
D:5 Trampli's ghost, novice TrFi


Innate Abilities, Weirdness & Mutations

You reflexively headbutt those who attack you in melee.
You have a pair of horns on your head.


Message History

The orc warrior hits you from afar with a trident!
* * * LOW HITPOINT WARNING * * *
The bullfrog hits you.
* * * LOW HITPOINT WARNING * * *
Unknown command.
As you read the scroll labeled PIOTWY SUMITIONGI, it crumbles to dust.
You assume a fearsome visage.
The orc warrior resists with some effort.
The orc looks frightened! x2; The orc wizard looks frightened!
The bullfrog looks frightened!
It was a scroll of fear.
You block the orc warrior's attack.
The orc wizard prays for help.
The orc wizard gestures wildly while chanting.
The orc wizard flickers and vanishes for a moment.
An iguana comes into view.
The iguana hisses angrily.
There is a stone staircase leading up here.
The iguana barely misses you.
The orc warrior hits you from afar with a trident!
You die...

#.# #.##..<#.....#.#..#...
.#####.###.##...#.....#o#..##.#
.................o..............
..#########.##...#....o#.#.####.
###### #.#....#.....#.#.# .
......##.#.#..#######.#.# .
≈≈≈≈≈....#.#o.........#.# .
≈≈≈≈≈...##.#..#########.#
≈≈≈≈≈...##.#@.##### #.#
≈≈≈≈≈...#[.l........ .#
........#...........
.≈≈≈≈...#...........
.≈≈≈≈...##)#..#.....
.≈≈≈≈...##.#..#.....
.≈≈≈≈......#..#.....
.≈≈≈≈...####..# .... ........#
...


You could see an orc warrior, an iguana and an orc wizard (invisible).

Vanquished Creatures
  A necrophage (D:5)
  An ogre (D:5)
  A centaur (D:2)
  2 big kobolds (Sewer)
  A water moccasin skeleton (D:5)
  3 hounds
  A jelly (D:5)
  An orc priest (D:3)
  4 worker ants
  11 adders
  4 gnolls
  3 river rats (Sewer)
  2 oozes
  An adder zombie (D:6)
  An adder skeleton (D:5)
  8 worms
  2 dart slugs
  4 leopard geckos
  18 orcs
  7 giant cockroaches
  9 goblins
  6 hobgoblins
  17 jackals
  8 quokkas
  A ball python (Sewer)
  7 bats
  5 frilled lizards
  A giant cockroach zombie (D:5)
  13 kobolds
  2 leopard gecko skeletons
  A quokka skeleton (D:4)
  11 rats
157 creatures vanquished.

Notes
Turn   | Place    | Note
-------+----------+-------------------------------------------
     0 | D:1      | MDvedh the Minotaur Summoner began the quest for the Orb.
     0 | D:1      | Reached XP level 1. HP: 14/14 MP: 1/1
   373 | D:1      | Reached skill level 1 in Fighting
   528 | D:1      | Reached skill level 1 in Armour
   530 | D:1      | Reached XP level 2. HP: 15/23 MP: 3/3
  1347 | D:1      | Reached XP level 3. HP: 29/29 MP: 4/4
  1873 | D:2      | Found a deep blue altar of Sif Muna.
  1873 | D:2      | Found a blossoming altar of Fedhas.
  1874 | D:2      | Found a glowing silver altar of Zin.
  2104 | D:2      | Found a sacrificial altar of Ru.
  2151 | D:2      | Reached XP level 4. HP: 38/38 MP: 5/5
  2652 | D:3      | Found a shattered altar of Ashenzari.
  2699 | D:3      | Reached skill level 1 in Shields
  2733 | D:3      | Reached XP level 5. HP: 43/46 MP: 6/6
  2872 | D:3      | Reached skill level 1 in Maces & Flails
  2885 | D:3      | Noticed a centaur
  3134 | D:2      | Killed a centaur
  3134 | D:2      | Reached skill level 2 in Maces & Flails
  3134 | D:2      | Reached XP level 6. HP: 42/52 MP: 7/7
  3452 | D:3      | Reached skill level 3 in Maces & Flails
  3771 | D:4      | Found a shimmering altar of Xom.
  3771 | D:4      | Found a shimmering altar of Xom.
  3771 | D:4      | Found a shimmering altar of Xom.
  3771 | D:4      | Found a shimmering altar of Xom.
  3771 | D:4      | Found a shimmering altar of Xom.
  3841 | D:4      | Found a glowing drain.
  3856 | Sewer    | Entered a sewer
  4160 | Sewer    | Reached skill level 4 in Maces & Flails
  4311 | Sewer    | Reached skill level 5 in Maces & Flails
  4311 | Sewer    | Reached XP level 7. HP: 42/58 MP: 8/8
  4978 | D:4      | Found a staircase to the Ecumenical Temple.
  4998 | D:4      | Reached skill level 6 in Maces & Flails
  5877 | D:5      | Entered Level 5 of the Dungeon
  5930 | D:5      | Reached skill level 7 in Maces & Flails
  6239 | D:5      | Reached skill level 8 in Maces & Flails
  6286 | D:5      | Found a sparkling altar of Nemelex Xobeh.
  6578 | D:5      | Noticed Trampli's ghost (novice TrFi)
  6640 | D:4      | Reached XP level 8. HP: 40/65 MP: 9/9
  7398 | D:6      | HP: 3/65 [orc warrior/trident (10)]
  7399 | D:6      | HP: 1/65 [bullfrog (2)]
  7408 | D:6      | Slain by an orc warrior

Skill      XL: |  1  2  3  4  5  6  7 |
---------------+----------------------+-----
Fighting       | 1 2 3 |  3.8
Armour         | 1 2 3 |  3.5
Shields        | 1 3 |  3.5
Maces & Flails | 2 5 8 |  8.8
Dodging        | |  2.1
Stealth        | |  1.5
Spellcasting   | |  1.3
Summonings     | |  2.9

Action                   |  1- 3 |  4- 6 |  7- 9 || total
-------------------------+-------+-------+-------++-------
Melee: Dagger            |    31 |       |       ||    31
       Headbutt          |    16 |    52 |    36 ||   104
       Short sword       |   105 |    32 |       ||   137
       Flail             |       |   304 |   231 ||   535
  Use: Scroll            |       |     5 |     7 ||    12
       Potion            |       |       |     1 ||     1
  Eat: Bread ration      |     1 |       |     1 ||     2
       Chunk             |       |     5 |     3 ||     8
       Royal jelly       |       |     1 |       ||     1
       Meat ration       |       |       |     1 ||     1
Armor: Robe              |    21 |       |       ||    21
       Chain mail        |    42 |   214 |   130 ||   386
Dodge: Dodged            |    62 |    71 |    26 ||   159
Block: Shield            |       |   139 |    92 ||   231
